 Dungeon Sprint DCSS version 0.23-a0-171-g5ae17c6 (webtiles) character file.

12451 Fang the Severer (level 11, 0/124 HPs)
             Began as a Gargoyle Berserker on Sept 13, 2018.
             Was a High Priest of Trog.
             Slain by a red devil
             ... wielding a +0 trident
              (7 damage)
             ... in the Dungeon (Sprint V: "Ziggurat Sprint").
             The game lasted 00:11:57 (1402 turns).

Fang the Severer (Gargoyle Berserker)               Turns: 1402, Time: 00:11:58

Health: 0/124      AC: 12    Str: 35    XL:     11   Next: 93%
Magic:  11/11      EV: 30    Int:  8    God:    Trog [*****.]
Gold:   0          SH:  0    Dex:  9    Spells: 10/10 levels left

rFire    . . .     SeeInvis .   (weapon currently unavailable)
rCold    . . .     Gourm    .   (shield currently unavailable)
rNeg     + + +     Faith    .   (armour currently unavailable)
rPois    ∞         Spirit   .   (helmet currently unavailable)
rElec    .         Reflect  .   (cloak currently unavailable)
rCorr    .         Harm     .   (gloves currently unavailable)
MR       .....     Rnd*Rage +   (boots currently unavailable) Stlth ..........NoTele +
                                (no amulet)
HPRegen  0.30/turn              D - +6 ring of strength
MPRegen  0.12/turn              C - ring of Phasing {EV+8}

@: confused, berserking, fungus-form, slowed, studying Dodging
A: tiny, berserk 1, low mp 1, negative energy resistance 1, petrification
resistance, rot immunity, AC +8
a: Berserk, Trog's Hand, Brothers in Arms, Renounce Religion


You were in the Dungeon.
You worshipped Trog.
Trog was extremely pleased with you.
You were hungry.
You were a sentient fungus.
You visited 1 branch

Inventory:

Hand Weapons
 k - a +5 executioner's axe of chopping
 A - the +9 whip of Fang's Evisceration {slash, rElec rF+ rC-}
   (You found it in the Dungeon)

   It inflicts extra damage upon your enemies.
   It protects you from fire.
   It makes you vulnerable to cold.
   It insulates you from electricity.
 F - a +4 vampiric battleaxe
 I - a +1 broad axe of freezing
 M - a +6 antimagic hand axe
 N - the +8 frozen axe "Frostbite" (melded) {freezing cloud, *Noise +Fly rC+}
   (You found it in the Dungeon)

   It has been specially enchanted to freeze those struck by it, causing extra
   injury to most foes and up to half again as much damage against particularly
   susceptible opponents.
   It can also slow down cold-blooded creatures.
   It protects you from cold.
   It lets you fly.
   It may make noises in combat.
 O - the +5 hand axe of the Grave {protect, Str+2}
   (You found it in the Dungeon)

   It protects the one who uses it against injury (+AC on strike).
   It affects your strength (+2).
Armour
 z - the +3 pair of boots of Midnight (melded) {rC+}
   (You found it in the Dungeon)

   It protects you from cold.
 G - the +3 ring mail of Limitation {Str+4}
   (You found it in the Dungeon)

   It affects your strength (+4).
 R - the +4 chain mail of Xezag (melded) {MP+9 Dex+6}
   (You found it in the Dungeon)

   It affects your dexterity (+6).
   It affects your magic capacity (+9).
Jewellery
 b - the ring of Kowuymeyde {+Fly rF+}
   (You found it in the Dungeon)

   [ring of flight]

   It protects you from fire.
   It lets you fly.
 C - the ring of Phasing (right hypha) {EV+8}
   (You found it in the Dungeon)

   [ring of evasion]

   It affects your evasion (+8).
 D - a +6 ring of strength (left hypha)
 E - the ring of Jofomupo {rElec MP+9}
   (You found it in the Dungeon)

   [ring of magical power]

   It insulates you from electricity.
   It affects your magic capacity (+9).
 H - a +1 ring of protection
 J - the ring "Izxuyfad" {rPois rN++ Int-5 SInv}
   (You found it in the Dungeon)

   [ring of see invisible]

   It affects your intelligence (-5).
   It protects you from poison.
   It greatly protects you from negative energy.
   It lets you see invisible.
 Q - an uncursed ring of protection from fire
Wands
 a - a wand of flame (18)
 w - a wand of disintegration (7)
 x - a wand of iceblast (7)
 y - a wand of acid (7)
Scrolls
 i - 4 scrolls of blinking
 l - 7 scrolls of fog
 m - a scroll of holy word
 n - 5 scrolls of identify
 o - 5 scrolls of remove curse
 p - 2 scrolls of fear
 K - a scroll of brand weapon
Potions
 d - 10 potions of curing
 e - 10 potions of heal wounds
 f - 6 potions of haste
 g - 7 potions of magic
 h - 3 potions of berserk rage
 q - 2 potions of brilliance
 r - 2 potions of invisibility
 s - 4 potions of resistance
 u - 5 potions of agility
 v - 5 potions of might
Books
 j - a manual of Dodging
Miscellaneous
 t - a phial of floods
 B - a lamp of fire
 L - 2 boxes of beasts
 P - 3 sacks of spiders
Comestibles
 c - 6 rations


   Skills:
 + Level 16.2 Fighting
 + Level 16.8(17.7) Axes
 - Level 10.7(15.5) Maces & Flails
 + Level 10.5 Armour
 - Level 6.5 Dodging
 - Level 6.6 Stealth
 + Level 2.3 Evocations


You had 10 spell levels left.
You didn't know any spells.
Your spell library was empty.

Dungeon Overview and Level Annotations

Branches:
Dungeon (1/1)

Altars:
Ashenzari
Cheibriados
Dithmenos
Elyvilon
Fedhas
Gozag
Hepliaklqana
Kikubaaqudgha
Makhleb
Nemelex Xobeh
Okawaru
Qazlal
Ru
Sif Muna
Trog
Uskayaw
Vehumet
Wu Jian
Xom
Yredelemnul
Zin
The Shining One
Beogh
Jiyva
Lugonu


Innate Abilities, Weirdness & Mutations

You are resistant to torment.
((Your stone body is resilient. (AC +8)))
You are immune to poison.
You resist negative energy. (rN+)
((You are resistant to electric shocks. (rElec)))
((You can survive without breathing.))
You are immune to petrification.
You are immune to rotting.
You tend to lose your temper in combat.
Your magical capacity is low. (-10% MP)


Message History

You slice the large abomination!! You freeze the large abomination.
Viphus gestures.
Laoxzoti hits you!
* * * LOW HITPOINT WARNING * * *
Laoxzoti freezes you.
* * * LOW HITPOINT WARNING * * *
Ironobb hits you!!
* * * LOW HITPOINT WARNING * * *
The wraith completely misses you. Viphus completely misses you.
The large abomination completely misses you.
The reaper hits you from afar with a scythe of protection.
* * * LOW HITPOINT WARNING * * *
Puzihiti gestures at you.
You turn into a sentient fungus.
The +8 frozen axe "Frostbite" {freezing cloud, *Noise +Fly rC+} melds into your The +3 pair of boots of Midnight {rC+} melds into your body.
The +4 chain mail of Xezag {MP+9 Dex+6} melds into your body.
The +8 frozen axe "Frostbite" {freezing cloud, *Noise +Fly rC+} stops glowing.
The red devil hits you from afar with a trident!
You die...

▓....©....
▓..):}}[?)..▓▓▓▓▓▓▓▓▓▓
▓...)=:=|...▓...8©8...
▓......bb...▓..=.|[)..
▓....4W.b...▓...|.[...
▓.4XX6X.....▓.........
▓..4D&3&b...▓.........
▓.4.&&Xb2...▓...).....
▓..▓&f&..▓..▓.........
▓..2W.W.....▓.▓.....▓.
▓.....©.....▓....©....
▓▓▓▓▓▓▓▓▓▓▓▓▓▓▓▓▓▓▓▓▓▓
▓...8©8...▓...8©8...▓.
▓..|:|.|..▓..||.[)..▓.
▓...)=.[..▓...:.:...▓.
▓.........▓.........▓.
▓.........▓.........▓.


You could see Iked, Ironobb, Laoxzoti, Puzihiti, Totsul, Viphus, a tentacled
monstrosity, a reaper, a gelid corrupter, a swamp dragon, a soul eater, an
orange demon, 3 large abominations, an ice devil, a rust devil, a freezing
wraith, a hellion, 2 wraiths and a red devil.

Vanquished Creatures
  A frost giant (D)
  A blizzard demon (D)
  2 ice dragons (D)
  3 deep elf magi (D)
  4 slime creatures (D)
  A shining eye (D)
  4 toenail golems (D)
  A spiny frog (D)
  An orange demon (D)
  2 freezing wraiths (D)
  An ice devil (D)
  3 air elementals (D)
  Sigmund (D)
  A yak (D)
  An insubstantial wisp (D)
  2 porcupines (D)
  2 necrophages (D)
  A phantom (D)
  A crocodile (D)
  A wolf (D)
  3 wights (D)
  A jelly (D)
  Jessica (D)
  3 iguanas (D)
  6 mummies (D)
  A white imp (D)
  An adder skeleton (D)
  4 adder zombies (D)
  2 bat zombies (D)
  A jackal (D)
  A giant cockroach zombie (D)
  A leopard gecko skeleton (D)
  A leopard gecko zombie (D)
  A quokka zombie (D)
61 creatures vanquished.

Vanquished Creatures (collateral kills)
  An Executioner (D)
  A dancing weapon (D)
  A deep elf knight (D)
  A deep elf archer (D)
  A deep elf mage (D)
  An ice devil (D)
  A polar bear (D)
  2 slime creatures (D)
  A water elemental (D)
  An earth elemental (D)
  2 jellies (D)
13 creatures vanquished.

Vanquished Creatures (others)
  2 insubstantial wisps (D)
2 creatures vanquished.

Grand Total: 76 creatures vanquished

Notes
Turn   | Place    | Note
-------+----------+-------------------------------------------
     0 | D        | Found the +7 great mace "Firestarter" {inner flame, rF++}
     0 | D        | Fang the Gargoyle Berserker began the quest for the Orb.
     0 | D        | Reached XP level 1. HP: 14/14 MP: 1/1
     3 | D        | Found a blossoming altar of Fedhas.
     4 | D        | Found a viscous altar of Jiyva.
     4 | D        | Found a hazy altar of Hepliaklqana.
     4 | D        | Found a transporter.
     4 | D        | Found an opulent altar of Gozag.
     4 | D        | Found an ancient bone altar of Kikubaaqudgha.
     4 | D        | Found a corrupted altar of Lugonu.
     8 | D        | Found a burning altar of Makhleb.
     9 | D        | Found a sacrificial altar of Ru.
     9 | D        | Found a stormy altar of Qazlal.
     9 | D        | Found a deep blue altar of Sif Muna.
     9 | D        | Found an iron altar of Okawaru.
     9 | D        | Found a bloodstained altar of Trog.
     9 | D        | Found a sparkling altar of Nemelex Xobeh.
    74 | D        | Entered arena 2.
    74 | D        | Noticed Sigmund
    74 | D        | Noticed Jessica
    74 | D        | Found a transporter.
    79 | D        | Killed Sigmund
    79 | D        | Reached XP level 2. HP: 14/25 MP: 2/2
    79 | D        | Reached XP level 3. HP: 16/29 MP: 3/3
    79 | D        | Reached XP level 4. HP: 20/35 MP: 4/4
    79 | D        | Reached XP level 5. HP: 22/39 MP: 5/5
    81 | D        | Killed Jessica
    81 | D        | Reached ** piety under Trog
    84 | D        | Reached skill level 10 in Fighting
    84 | D        | Reached XP level 6. HP: 16/48 MP: 6/6
   274 | D        | Entered arena 3.
   274 | D        | Found a transporter.
   290 | D        | Entered arena 4.
   290 | D        | Noticed a porcupine
   290 | D        | Noticed a yak
   290 | D        | Found a transporter.
   294 | D        | Reached *** piety under Trog
   296 | D        | Killed a porcupine
   296 | D        | Reached XP level 7. HP: 53/53 MP: 7/7
   298 | D        | Killed a yak
   298 | D        | Reached skill level 10 in Axes
   298 | D        | Reached skill level 5 in Armour
   307 | D        | Got the ring of Kowuymeyde {+Fly rF+}
   354 | D        | Got the +9 whip of Fang's Evisceration {slash, rElec rF+
                  | rC-}
   357 | D        | Entered arena 5.
   357 | D        | Noticed a toenail golem
   357 | D        | Noticed a toenail golem
   357 | D        | Noticed a toenail golem
   357 | D        | Noticed a toenail golem
   357 | D        | Found a transporter.
   366 | D        | Killed a toenail golem
   366 | D        | Reached **** piety under Trog
   366 | D        | Reached XP level 8. HP: 60/60 MP: 8/8
   372 | D        | Killed a toenail golem
   372 | D        | Reached skill level 1 in Maces & Flails
   380 | D        | Killed a toenail golem
   380 | D        | Reached XP level 9. HP: 57/67 MP: 9/9
   389 | D        | Killed a toenail golem
   448 | D        | Entered arena 6.
   448 | D        | Found a transporter.
   449 | D        | Found the ring of Phasing {EV+8}
   453 | D        | Reached ***** piety under Trog
   514 | D        | Entered arena 7.
   515 | D        | Found a transporter.
   529 | D        | Received a gift from Trog
   550 | D        | Got the ring of Jofomupo {rElec MP+9}
   595 | D        | Got the +3 ring mail of Limitation {Str+4}
   767 | D        | Entered arena 8.
   767 | D        | Noticed a spiny frog
   768 | D        | Found a transporter.
   774 | D        | Killed a spiny frog
   774 | D        | Reached skill level 5 in Maces & Flails
   860 | D        | Entered arena 9.
   861 | D        | Found a transporter.
   863 | D        | Reached XP level 10. HP: 73/73 MP: 10/10
   866 | D        | Reached ****** piety under Trog
   866 | D        | Received a gift from Trog
   887 | D        | Got the ring "Izxuyfad" {rPois rN++ Int-5 SInv}
   897 | D        | Entered arena 10.
   898 | D        | Found a transporter.
   908 | D        | Received a gift from Trog
   963 | D        | Entered arena 11.
   963 | D        | Noticed a dire flail of crushing
   963 | D        | Noticed a deep elf mage
   963 | D        | Noticed a deep elf mage
   963 | D        | Noticed a deep elf knight
   963 | D        | Noticed a deep elf archer
   963 | D        | Noticed a deep elf mage
   963 | D        | Noticed a deep elf mage
   964 | D        | Found the +5 pair of quick blades "Gyre" and "Gimble"
                  | {pierce, Dex-3}
   964 | D        | Found the +8 frozen axe "Frostbite" {freezing cloud, *Noise
                  | +Fly rC+}
   967 | D        | Found a transporter.
   967 | D        | Killed a deep elf knight
   971 | D        | Killed a dire flail of crushing
   971 | D        | Reached skill level 5 in Dodging
   975 | D        | Killed a deep elf mage
   981 | D        | Killed a deep elf mage
   981 | D        | Received a gift from Trog
   983 | D        | Killed a deep elf mage
   983 | D        | Reached skill level 10 in Maces & Flails
   985 | D        | Killed a deep elf archer
   988 | D        | Killed a deep elf mage
  1029 | D        | Got the +3 pair of boots of Midnight {rC+}
  1038 | D        | Got the +5 hand axe of the Grave {protect, Str+2}
  1080 | D        | Entered arena 12.
  1080 | D        | Noticed an ice dragon
  1080 | D        | Noticed an ice dragon
  1081 | D        | Noticed a frost giant
  1081 | D        | Noticed a blizzard demon
  1082 | D        | Found a transporter.
  1088 | D        | Received a gift from Trog
  1088 | D        | Reached skill level 10 in Armour
  1091 | D        | Reached XP level 11. HP: 71/80 MP: 8/11
  1092 | D        | Killed an ice dragon
  1092 | D        | Reached skill level 15 in Fighting
  1092 | D        | Reached skill level 1 in Evocations
  1093 | D        | Killed a blizzard demon
  1095 | D        | Received a gift from Trog
  1097 | D        | Killed a frost giant
  1097 | D        | Received a gift from Trog
  1097 | D        | Reached skill level 15 in Axes
  1099 | D        | Killed an ice dragon
  1314 | D        | Entered arena 13.
  1314 | D        | Noticed a shining eye
  1316 | D        | Gained mutation: Your magical capacity is low. (-10% MP) [a
                  | shining eye]
  1317 | D        | Found a transporter.
  1321 | D        | Gained mutation: You tend to lose your temper in combat. [a
                  | shining eye]
  1323 | D        | Killed a shining eye
  1324 | D        | Received a gift from Trog
  1353 | D        | Got the +4 chain mail of Xezag {MP+9 Dex+6}
  1389 | D        | Entered arena 14.
  1390 | D        | Noticed a soul eater
  1390 | D        | Noticed Puzihiti the pandemonium lord
  1390 | D        | Noticed an Executioner
  1390 | D        | Noticed Iked the pandemonium lord
  1390 | D        | Noticed Ironobb the pandemonium lord
  1391 | D        | Noticed Laoxzoti the pandemonium lord
  1391 | D        | Noticed Totsul the pandemonium lord
  1392 | D        | Noticed Viphus the pandemonium lord
  1394 | D        | Noticed a gelid corrupter
  1395 | D        | Killed an Executioner
  1397 | D        | Noticed a swamp dragon
  1400 | D        | Noticed a large abomination
  1400 | D        | Noticed a tentacled monstrosity
  1402 | D        | Noticed a reaper
  1402 | D        | Slain by a red devil

Vault maps used:
D:        sprint_v

Skill      XL: |  1  2  3  4  5  6  7  8  9 10 11 |
---------------+----------------------------------+-----
Fighting       | 7 10 11 12 13 14 16 | 16.2
Axes           | 6 8 9 11 12 13 16 | 16.8
Armour         | 4 6 7 9 10 | 10.5
Dodging        | 3 4 6 |  6.5
Stealth        | 6 |  6.6
Maces & Flails | 2 5 10 | 10.7
Evocations     | 2 |  2.3

Action                   |  1- 3 |  4- 6 |  7- 9 | 10-12 || total
-------------------------+-------+-------+-------+-------++-------
Melee: Executioner's axe |     1 |    10 |     6 |    26 ||    43
       Whip              |       |       |    87 |    41 ||   128
       Hand axe          |       |       |       |    19 ||    19
Invok: Berserk           |     1 |     1 |     3 |     4 ||     9
       Brothers in Arms  |       |       |       |     7 ||     7
Evoke: Lamp of fire      |       |       |       |     1 ||     1
  Use: Potion            |       |     1 |       |       ||     1
       Scroll            |       |     1 |       |     1 ||     2
 Stab: Distracted        |       |       |       |     3 ||     3
  Eat: Chunk             |       |       |     1 |     4 ||     5
       Ration            |       |       |     1 |     1 ||     2
Armor: Shadow dragon sca |     2 |    11 |    54 |       ||    67
       Ring mail         |       |       |     1 |    28 ||    29
       Chain mail        |       |       |       |     4 ||     4
Dodge: Dodged            |       |     8 |    67 |    98 ||   173

Table legend:
 A = Non-vault XP
 B = Vault XP
 C = Vault XP percentage of total XP
 D = Non-vault monster count
 E = Vault monster count
 F = Vault count percentage of total count
                 A         B        C        D         E       F
            +---------+---------+-------+---------+---------+-------
      Total |       0 |   17538 | 100.0 |       0 |      75 | 100.0
            +---------+---------+-------+---------+---------+-------
          D |       0 |   17538 | 100.0 |       0 |      75 | 100.0
            +---------+---------+-------+---------+---------+-------
